 Dungeon Crawl Stone Soup version 0.31-a0-174-g85c54bcb58 (webtiles) character file.

Game seed: 13062009006407083760

316 qw the Shooter (level 6, -6/56 HPs)
             Began as a Naga Hunter on June 15, 2023.
             Mangled by an ice beast (14 damage)
             ... on level 4 of the Dungeon.
             The game lasted 00:00:53 (2316 turns).

qw the Shooter (Naga Hunter)                        Turns: 2316, Time: 00:00:53

Health: -6/56      AC:  5    Str: 13    XL:     6   Next: 44%
Magic:  6/6        EV: 10    Int: 10    God:
Gold:   207        SH:  0    Dex: 16    Spells: 5/5 levels left

rFire   . . .        Y - +2 shortbow
rCold   . . .        (shield currently unavailable)
rNeg    . . .        h - +1 robe {Will+}
rPois   +            j - +0 helmet
rElec   .            (no cloak)
rCorr   .            (no gloves)
SInv    +            (no barding)
Will    +....        (no amulet)
Stlth   ++           (no ring)
HPRegen 0.29/turn    (no ring)
MPRegen 0.10/turn

%: no passive effects
@: very slow
A: AC +2, large, see invisible, deformed body, poison resistance, slowness 2,
spit poison 1, naga tail 1
a: Spit Poison


You were on level 4 of the Dungeon.
You visited 1 branch of the dungeon, and saw 4 of its levels.

You collected 207 gold pieces.


Innate Abilities, Weirdness & Mutations

Your serpentine skin is tough. (AC +2)
You have supernaturally acute eyesight. (SInv)
Armour fits poorly on your strangely shaped body.
Your system is resistant to poisons. (rPois)
You cover ground very slowly.
You can spit poison.
You have a snake-like lower body.


   Skills:
 + Level 3.5 Fighting
 - Level 6.3 Ranged Weapons
 - Level 1.5 Dodging
 - Level 1.5 Stealth


You had 5 spell levels left.
You didn't know any spells.
Your spell library was empty.

Inventory:

Hand Weapons
 Y - a +2 shortbow (weapon)
Armour
 f - a +0 robe of cold resistance
 h - a +1 robe of willpower (worn)
 j - a +0 helmet (worn)
Jewellery
 m - an amulet of regeneration
Scrolls
 a - a scroll of identify
Potions
 b - a potion of cancellation {unknown}
 c - a potion of attraction {unknown}
 d - a potion of lignification {unknown}
 e - a potion of degeneration {unknown}
 g - a potion of haste {unknown}
 i - a potion of resistance {unknown}
 k - a potion of curing
 l - a potion of brilliance {unknown}

Dungeon Overview and Level Annotations

Branches:
Dungeon (4/15)
 Temple: D:4-7

Altars:
Wu Jian


Message History

You kill the goblin!
You have got your breath back.
You see here a +0 club.
Found a dagger.
You now have 207 gold pieces (gained 4).
You see here a +0 dagger.
g - an orange potion
Found a stone staircase leading up.
Found a stone staircase leading down.
A ball python comes into view.
You see here a purple potion.
You shoot an arrow. The arrow hits the ball python!
You kill the ball python!
l - a purple potion
m - an amulet of regeneration An ice beast comes into view.
You shoot an arrow. The arrow hits the ice beast!
The ice beast is moderately wounded.
You shoot an arrow. The arrow barely misses the ice beast.
You shoot an arrow. The arrow hits the ice beast.
The ice beast is heavily wounded.
You shoot an arrow.
The arrow hits the ice beast but does no damage.
The ice beast is heavily wounded.
You shoot an arrow. The arrow hits the ice beast.
The ice beast is heavily wounded.
You shoot an arrow. The arrow barely misses the ice beast.
You shoot an arrow. The arrow barely misses the ice beast.
The ice beast barely misses you. The ice beast hits you.
The ice beast freezes you!
You shoot an arrow. The arrow barely misses the ice beast.
The ice beast hits you but does no damage.
You shoot an arrow. The arrow barely misses the ice beast.
The ice beast hits you. The ice beast freezes you!
You shoot an arrow. The arrow hits the ice beast.
The ice beast is severely wounded.
The ice beast hits you. The ice beast freezes you!
You shoot an arrow. The arrow barely misses the ice beast.
The ice beast hits you. The ice beast freezes you!
You die...

. ..# #.. . #. #.#
#.#....... #.##^##.#
#.#....... # ......#
#.#.......
#.##....#######.#.......
#..........#....#.......
#######.##...<..#.......
..)..........##.#Y......
#######..##.....@.# ..
........###.#.#
#########........$#
)....# #######..>#
####.# ###.# #.# .#
######## #.# ## #.......
#.################...#
#....................#
##


You could see an ice beast.

Vanquished Creatures
  Sigmund (D:2)
  Jessica (D:3)
  4 gnolls (D:3)
  3 adders (D:2)
  2 dart slugs
  7 bats
  3 endoplasms (D:1)
  3 giant cockroaches
  6 goblins
  6 hobgoblins
  4 jackals
  6 kobolds
  A quokka (D:2)
  6 ball pythons
  6 frilled lizards
  5 rats
64 creatures vanquished.

Notes
Turn   | Place    | Note
-------+----------+-------------------------------------------
     0 | D:1      | qw the Naga Hunter began the quest for the Orb.
     0 | D:1      | Reached XP level 1. HP: 19/19 MP: 1/1
     0 | D:1      | 0 ||| qw: Version: 0.2-a-29-g511e9b1
     0 | D:1      | 0 ||| qw: Game counter: 5612
     0 | D:1      | 0 ||| qw: Always use a shield: true
     0 | D:1      | 0 ||| qw: God list: Okawaru
     0 | D:1      | 0 ||| qw: Allow faded altars: false
     0 | D:1      | 0 ||| qw: Do Orc after D:15 true
     0 | D:1      | 0 ||| qw: Do second Lair branch before Depths: true
     0 | D:1      | 0 ||| qw: Lair rune preference: random
     0 | D:1      | 0 ||| qw: Plans: Normal
     0 | D:1      | 0 ||| PLANNING D:1-11
    12 | D:1      | 12 ||| INVOKING Spit Poison.
    16 | D:1      | 16 ||| INVOKING Spit Poison.
    53 | D:1      | 53 ||| INVOKING Spit Poison.
    58 | D:1      | 58 ||| INVOKING Spit Poison.
    61 | D:1      | Reached skill level 4 in Ranged Weapons
    61 | D:1      | Reached XP level 2. HP: 26/26 MP: 2/2
   124 | D:1      | 124 ||| INVOKING Spit Poison.
   163 | D:1      | 163 ||| INVOKING Spit Poison.
   175 | D:1      | 175 ||| INVOKING Spit Poison.
   179 | D:1      | 179 ||| INVOKING Spit Poison.
   195 | D:1      | 195 ||| INVOKING Spit Poison.
   200 | D:1      | 200 ||| INVOKING Spit Poison.
   312 | D:1      | 312 ||| INVOKING Spit Poison.
   391 | D:1      | 391 ||| INVOKING Spit Poison.
   403 | D:1      | 403 ||| INVOKING Spit Poison.
   420 | D:1      | 420 ||| INVOKING Spit Poison.
   424 | D:1      | 424 ||| INVOKING Spit Poison.
   425 | D:1      | Reached XP level 3. HP: 31/32 MP: 3/3
   504 | D:1      | 504 ||| INVOKING Spit Poison.
   512 | D:1      | 512 ||| INVOKING Spit Poison.
   534 | D:1      | 534 ||| INVOKING Spit Poison.
   541 | D:1      | 541 ||| INVOKING Spit Poison.
   639 | D:1      | 639 ||| READING 2 scrolls labelled JAIRUE BAIMP.
   640 | D:1      | 640 ||| READING scroll labelled GOSTIB COLYLI.
   645 | D:1      | 645 ||| READING scroll labelled QENILIYBLO.
   646 | D:1      | 646 ||| DROPPING scroll of butterflies.
   651 | D:2      | 651 ||| INVOKING Spit Poison.
   655 | D:2      | 655 ||| INVOKING Spit Poison.
   669 | D:2      | 669 ||| INVOKING Spit Poison.
   689 | D:2      | 689 ||| INVOKING Spit Poison.
   711 | D:2      | 711 ||| INVOKING Spit Poison.
   716 | D:2      | 716 ||| INVOKING Spit Poison.
   723 | D:2      | 723 ||| INVOKING Spit Poison.
   750 | D:2      | 750 ||| INVOKING Spit Poison.
   875 | D:2      | Noticed Sigmund
   876 | D:2      | 876 ||| Stepping ~*~*~tactically~*~*~ (outnumbered).
   878 | D:2      | 878 ||| Stepping ~*~*~tactically~*~*~ (outnumbered).
   880 | D:2      | 880 ||| INVOKING Spit Poison.
   884 | D:2      | 884 ||| INVOKING Spit Poison.
   890 | D:2      | 890 ||| INVOKING Spit Poison.
   891 | D:2      | Killed Sigmund
   892 | D:2      | Reached skill level 6 in Ranged Weapons
   892 | D:2      | Reached XP level 4. HP: 17/39 MP: 4/4
   892 | D:2      | Reached XP level 5. HP: 20/45 MP: 5/5
   893 | D:2      | 893 ||| INVOKING Spit Poison.
   899 | D:2      | 899 ||| INVOKING Spit Poison.
  1018 | D:2      | 1018 ||| INVOKING Spit Poison.
  1021 | D:2      | 1021 ||| INVOKING Spit Poison.
  1028 | D:2      | 1028 ||| INVOKING Spit Poison.
  1172 | D:2      | 1172 ||| INVOKING Spit Poison.
  1176 | D:2      | 1176 ||| INVOKING Spit Poison.
  1182 | D:2      | 1182 ||| INVOKING Spit Poison.
  1200 | D:2      | 1200 ||| INVOKING Spit Poison.
  1240 | D:2      | 1240 ||| INVOKING Spit Poison.
  1246 | D:2      | Reached XP level 6. HP: 52/52 MP: 6/6
  1370 | D:2      | 1370 ||| INVOKING Spit Poison.
  1401 | D:2      | 1401 ||| UPGRADING to +1 robe of willpower.
  1411 | D:2      | 1411 ||| DROPPING +0 leather armour.
  1412 | D:2      | 1412 ||| UPGRADING to +0 helmet.
  1417 | D:2      | 1417 ||| READING scroll labelled UTHYET GYSHUORCHU.
  1418 | D:2      | 1418 ||| READING scroll labelled WUPHYN BUSCHUEVA.
  1419 | D:2      | 1419 ||| DRINKING 2 amethyst potions.
  1453 | D:3      | 1453 ||| INVOKING Spit Poison.
  1458 | D:3      | 1458 ||| INVOKING Spit Poison.
  1461 | D:3      | 1461 ||| INVOKING Spit Poison.
  1468 | D:3      | 1468 ||| INVOKING Spit Poison.
  1469 | D:3      | HP: 13/55 [bat (1)]
  1470 | D:3      | 1470 ||| READING scroll of teleportation.
  1471 | D:3      | 1471 ||| INVOKING Spit Poison.
  1471 | D:3      | HP: 1/55 [gnoll/+0 flail (9)]
  1473 | D:3      | Found an ornate altar of the Wu Jian Council.
  1648 | D:3      | 1648 ||| INVOKING Spit Poison.
  1650 | D:3      | Reached skill level 3 in Fighting
  1671 | D:3      | 1671 ||| INVOKING Spit Poison.
  1709 | D:3      | 1709 ||| INVOKING Spit Poison.
  1739 | D:3      | 1739 ||| INVOKING Spit Poison.
  1742 | D:3      | 1742 ||| INVOKING Spit Poison.
  1756 | D:3      | 1756 ||| INVOKING Spit Poison.
  1762 | D:3      | 1762 ||| INVOKING Spit Poison.
  1779 | D:3      | 1779 ||| INVOKING Spit Poison.
  1806 | D:3      | Noticed Jessica
  1807 | D:3      | 1807 ||| INVOKING Spit Poison.
  1808 | D:3      | Killed Jessica
  1909 | D:3      | Found a faded altar of an unknown god.
  2005 | D:3      | 2005 ||| INVOKING Spit Poison.
  2006 | D:3      | 2006 ||| INVOKING Spit Poison.
  2153 | D:3      | 2153 ||| READING scroll labelled VYTEIF COEGID.
  2186 | D:4      | 2186 ||| READING scroll of enchant weapon.
  2186 | D:4      | 2186 ||| ENCHANTING +1 shortbow.
  2231 | D:4      | 2231 ||| INVOKING Spit Poison.
  2263 | D:4      | 2263 ||| INVOKING Spit Poison.
  2305 | D:4      | Noticed an ice beast
  2315 | D:4      | HP: 12/56 [ice beast (13)]
  2316 | D:4      | Mangled by an ice beast

Levels and vault maps discovered:
D:1:      psy_arrival_dodecagon, layout_basic
D:2:      layout_loops_cross, uniq_sigmund
D:3:      layout_basic, mainiacjoe_overflow_chevrons,
          ebering_ecumenical_altar_hall, minmay_fountain_box, uniq_jessica
D:4:      layout_basic, mainiacjoe_overflow_tiny_flanked, uniq_edmund,
          uniq_crazy_yiuf_cottage

Skill      XL: |  1  2  3  4  5  6 |
---------------+-------------------+-----
Ranged Weapons | 4 6 |  6.3
Fighting       | 3 |  3.5
Dodging        | |  1.5
Stealth        | |  1.5

Action                     |  1- 3 |  4- 6 || total
---------------------------+-------+-------++-------
   Fire: Shortbow          |    53 |    81 ||   134
Ability: Spit Poison       |    30 |    28 ||    58
    Use: Scroll            |     3 |     5 ||     8
         Potion            |       |     1 ||     1
 Armour: Leather armour    |     1 |     3 ||     4
         Robe              |       |    14 ||    14
  Dodge: Dodged            |     9 |    29 ||    38

Table legend:
 A = Non-vault XP
 B = Vault XP
 C = Vault XP percentage of total XP
 D = Non-vault monster count
 E = Vault monster count
 F = Vault count percentage of total count
                 A         B        C        D         E       F
            +---------+---------+-------+---------+---------+-------
      Total |     189 |     263 |  58.2 |      62 |       2 |   3.1
            +---------+---------+-------+---------+---------+-------
        D:1 |      47 |       0 |   0.0 |      28 |       0 |   0.0
        D:2 |      62 |     226 |  78.5 |      16 |       1 |   5.9
        D:3 |      73 |      37 |  33.6 |      14 |       1 |   6.7
        D:4 |       7 |       0 |   0.0 |       4 |       0 |   0.0
            +---------+---------+-------+---------+---------+-------
